 Dungeon Crawl Stone Soup version 0.29.1-15-g9cfb28693d (webtiles) character file.

Game seed: 9872553219978259038

242 joshua the Trooper (level 5, -6/48 HPs)
             Began as a Minotaur Fighter on Mar 24, 2023.
             Mangled by Crazy Yiuf
             ... wielding a +2 quarterstaff of chaos
              (14 damage)
             ... on level 3 of the Dungeon.
             The game lasted 00:08:50 (2730 turns).

joshua the Trooper (Minotaur Fighter)               Turns: 2730, Time: 00:08:51

Health: -6/48      AC:  8    Str: 23    XL:     5   Next: 82%
Magic:  4/4        EV:  9    Int:  5    God:
Gold:   187        SH:  9    Dex:  9    Spells: 4/4 levels left

rFire   . . .      SeeInvis .   a - +0 war axe
rCold   . . .      Faith    .   c - +0 buckler
rNeg    . . .      Spirit   .   b - +0 scale mail
rPois   .          Reflect  +   (helmet restricted)
rElec   .          Harm     .   (no cloak)
rCorr   .          Rampage  .   r - +0 pair of gloves
Will    .....                   (no boots)
Stlth   ..........              p - amulet of reflection
HPRegen 0.16/turn               (no ring)
MPRegen 0.09/turn               (no ring)

@: mighty, lethally poisoned (-6 -> -15)
A: horns 2, retaliatory headbutt
a: no special abilities


You were on level 3 of the Dungeon.
You visited 1 branch of the dungeon, and saw 3 of its levels.

You collected 187 gold pieces.

Inventory:

Hand Weapons
 a - a +0 war axe (weapon)
 q - a +0 club
 t - a +0 rapier of venom
Armour
 b - a +0 scale mail (worn)
 c - a +0 buckler (worn)
 e - an orb of guile
 r - a +0 pair of gloves (worn)
 x - a +0 scale mail
Jewellery
 p - an amulet of reflection (around neck)
Scrolls
 f - 2 scrolls of identify {unknown}
 g - 2 scrolls of noise {unknown}
 j - 2 scrolls of acquirement {unknown}
 k - 3 scrolls of teleportation {unknown}
 l - a scroll of magic mapping {unknown}
 m - a scroll of butterflies {unknown}
 n - 3 scrolls of enchant weapon {unknown}
 s - a scroll of vulnerability {unknown}
 u - a scroll of blinking {unknown}
Potions
 d - a potion of might
 h - a potion of flight {unknown}
 i - a potion of degeneration {unknown}
 o - 2 potions of berserk rage {unknown}
 v - a potion of brilliance {unknown}
 w - a potion of mutation {unknown}


   Skills:
 + Level 5.0 Fighting
 + Level 4.2 Axes
 + Level 5.0 Armour
 + Level 5.0 Shields


You had 4 spell levels left.
You didn't know any spells.
Your spell library contained the following spells:

 Spells                   Type           Power      Damage    Failure   Level
 Foxfire                  Conj/Fire      0%         2x1d4     86%         1
 Magic Dart               Conj           0%         1d3       86%         1
 Call Imp                 Summ           0%         N/A       94%         2
 Conjure Flame            Conj/Fire      0%         6-21      99%         3
 Ignite Poison            Fire/Tmut/Pois 0%         N/A       99%         3
 Mephitic Cloud           Conj/Pois/Air  0%         N/A       99%         3
 Sticky Flame             Conj/Fire      0%         2d3       100%        4
 Iskenderun's Battlesphe  Conj           0%         2d6       100%        5
 Yara's Violent Unravell  Hex/Tmut       0%         3d3       100%        5


Dungeon Overview and Level Annotations

Branches:
Dungeon (3/15)

Altars:

Annotations:
D:3 Crazy Yiuf


Innate Abilities, Weirdness & Mutations

You have a pair of horns on your head.
You reflexively headbutt those who attack you in melee.


Message History

You see here a +0 sling.
You now have 187 gold pieces (gained 7).
Found a hammer.
Found a runed translucent door.
No target in view!
Crazy Yiuf shouts!
You open the door. You barely miss Crazy Yiuf. You block Crazy Yiuf's attack.
Crazy Yiuf drinks a potion.
Crazy Yiuf seems to grow stronger.
You closely miss Crazy Yiuf. Crazy Yiuf closely misses you.
You barely miss Crazy Yiuf.
You headbutt Crazy Yiuf, but do no damage.
Crazy Yiuf hits you with a +2 quarterstaff of chaos!
You closely miss Crazy Yiuf.
Crazy Yiuf hits you with a +2 quarterstaff of chaos!
Crazy Yiuf flaps his cloak.
You block Crazy Yiuf's attack.
You hit Crazy Yiuf but do no damage.
Crazy Yiuf screams, "Pitchfork!
Iron ragdoll leg."
You block Crazy Yiuf's attack.
You barely miss Crazy Yiuf. You block Crazy Yiuf's attack.
You closely miss Crazy Yiuf. Crazy Yiuf barely misses you.
You furiously retaliate!
You headbutt Crazy Yiuf.
Crazy Yiuf hits you with a +2 quarterstaff of chaos!
You are lethally poisoned!
You closely miss Crazy Yiuf.
Crazy Yiuf is lightly wounded.
* * * LOW HITPOINT WARNING * * *
You feel extremely sick.
Crazy Yiuf screams, "Buddy!"
You block Crazy Yiuf's attack.
You feel very mighty all of a sudden.
* * * LOW HITPOINT WARNING * * *
You feel very sick. You block Crazy Yiuf's attack.
You slash Crazy Yiuf!
Crazy Yiuf is almost dead.
* * * LOW HITPOINT WARNING * * *
You feel very sick.
Crazy Yiuf hits you with a +2 quarterstaff of chaos!
You die...

....# ###.# ###.#####
#.......# ..#####.##
..#...#..# ########
.##.b.##.# ### ###.#....##
..#.P.##.# #...##..#......##
.##bPP#..# #...g@####......#
.#######.# #)..### ##.....#
)........# ### #####.#
.######### #.# .# #.# <##
####### ### ###.# ..##
##.....## ##.##.##.## ...#
#.......## #.........#
#.#####........####.......#.#


You could see Crazy Yiuf (strong).

Vanquished Creatures
  An ice beast (D:3)
  An orc wizard (D:3)
  3 gnolls (D:3)
  3 adders
  A worm (D:3)
  A dart slug (D:3)
  4 orcs (D:3)
  4 bats
  3 endoplasms
  2 giant cockroaches (D:2)
  4 goblins
  10 hobgoblins
  10 ball pythons
  A frilled lizard (D:2)
  7 kobolds
  6 rats
61 creatures vanquished.

Vanquished Creatures (others)
  2 plants (D:1)
2 creatures vanquished.

Grand Total: 63 creatures vanquished

Notes
Turn   | Place    | Note
-------+----------+-------------------------------------------
     0 | D:1      | joshua the Minotaur Fighter began the quest for the Orb.
     0 | D:1      | Reached XP level 1. HP: 19/19 MP: 0/0
   286 | D:1      | Reached XP level 2. HP: 25/27 MP: 1/1
   437 | D:1      | Found a faded altar of an unknown god.
   788 | D:2      | Reached XP level 3. HP: 22/33 MP: 2/2
  1468 | D:3      | Reached XP level 4. HP: 23/41 MP: 3/3
  1804 | D:3      | Noticed an ice beast
  1816 | D:3      | Killed an ice beast
  1817 | D:3      | Reached skill level 5 in Fighting
  1817 | D:3      | Reached XP level 5. HP: 9/48 MP: 4/4
  2198 | D:3      | Reached skill level 5 in Armour
  2198 | D:3      | Reached skill level 5 in Shields
  2305 | D:3      | Got the Compilation of the Rat
  2716 | D:3      | Found a runed translucent door.
  2717 | D:3      | Noticed Crazy Yiuf
  2730 | D:3      | Mangled by Crazy Yiuf

Illustrated notes

Levels and vault maps discovered:
D:1:      dpeg_arrival_oval, layout_loops_ring, chequers_ecumenical_altar_lobes
D:2:      cheibrodos_greedy_goblins, layout_basic, minmay_misc_feat_plants
D:3:      layout_loops_corners, serial_aquarium, aquarium_bridge_square
          [aquarium_subvault_window, aquarium_subvault_bridge,
          aquarium_subvault_wall, aquarium_subvault_bridge],
          aquarium_bridge_square [aquarium_subvault_bridge,
          aquarium_subvault_bridge, aquarium_subvault_wall,
          aquarium_subvault_bridge], aquarium_window_corner, aquarium_window_1,
          aquarium_window_1, aquarium_window_fake, aquarium_view_2d,
          aquarium_view_2f, aquarium_pool_five, minmay_misc_feat_four_crosses,
          uniq_crazy_yiuf_cottage

Skill      XL: |  1  2  3  4  5 |
---------------+----------------+-----
Armour         | 4 5 |  5.0
Fighting       | 4 5 |  5.0
Shields        | 4 5 |  5.0
Axes           | 3 4 |  4.2

Action                   |  1- 3 |  4- 6 || total
-------------------------+-------+-------++-------
Melee: War axe           |    97 |    57 ||   154
       Headbutt          |     8 |     6 ||    14
  Use: Potion            |       |     2 ||     2
Armor: Scale mail        |    41 |    17 ||    58
Dodge: Dodged            |    31 |    17 ||    48
Block: Buckler           |    39 |    25 ||    64
       Reflection        |     2 |     1 ||     3
